 Dungeon Crawl Stone Soup version 0.18-a0-853-gfe32976 (webtiles) character file.

476 Arkorax the Insei (level 7, -4/50 HPs)
             Began as an Octopode Monk on Dec 21, 2015.
             Was an Initiate of Gozag.
             Slain by Herrn's ghost (17 damage)
             ... on level 5 of the Dungeon.
             The game lasted 00:05:53 (4060 turns).

Arkorax the Insei (Octopode Monk)                   Turns: 4060, Time: 00:05:54

Health: -4/50      AC:  1    Str: 10    XL:     7   Next: 10%
Magic:  7/7        EV:  8    Int: 10    God:    Gozag
Gold:   118        SH:  0    Dex: 17    Spells: 0 memorised, 6 levels left

rFire  . . .     SeeInvis .       - Unarmed
rCold  . . .     Gourm    .     (no shield)
rNeg   . . .     Faith    .     (helmet restricted)
rPois  .         Spirit   .     (no amulet)
rElec  .         Dismiss  .     (no ring)
rCorr  .         Reflect  .     (no ring)
SustAt .         Harm     .     (no ring)
MR     .....                    (no ring)
Stlth  ++++......               (no ring)
                                (no ring)
                                (no ring)
                                (no ring)

@: not resistant to hostile enchantments, stealthy
A: almost no armour, amphibious, 8 rings, constrict 8, camouflage 1, dopey 1,
gelatinous body 1
a: Potion Petition, Call Merchant, Bribe Branch, Renounce Religion


You were on level 5 of the Dungeon.
You worshipped Gozag.
Gozag was noncommittal.
You were not hungry.

You visited 2 branches of the dungeon, and saw 6 of its levels.

You collected 163 gold pieces.
You paid 45 gold pieces to Gozag.

Inventory:

Wands
 m - a wand of frost (31/48)
 o - a wand of frost (35/48)
 p - a wand of flame (34/48)
Scrolls
 b - 2 scrolls of remove curse {unknown}
 e - a scroll of blinking {unknown}
 f - 3 scrolls of magic mapping {unknown}
 g - 6 scrolls of identify {unknown}
 h - 3 scrolls of fog {unknown}
 k - a scroll of random uselessness {unknown}
 n - 2 scrolls of recharging {unknown}
Potions
 c - a potion of resistance {unknown}
 i - 2 potions of curing {unknown}
 j - a potion of might
 l - a potion of haste
 q - a potion of brilliance {unknown}
Comestibles
 a - 3 bread rations
 d - a meat ration
 r - a royal jelly


   Skills:
 * Level 5.4 Fighting
 - Level 3.0 Dodging
 + Level 5.3 Stealth
 * Level 6.0 Unarmed Combat


You had 6 spell levels left.
You didn't know any spells.

Dungeon Overview and Level Annotations

Branches:
Dungeon (5/15)             Temple (1/1) D:4

Altars:
Dithmenos
Elyvilon
Fedhas
Gozag
Kikubaaqudgha
Makhleb
Nemelex Xobeh
Okawaru
Pakellas
Qazlal
Ru
Trog
Vehumet
Xom
Yredelemnul

Annotations:
D:5 Herrn's ghost, novice DsFi


Innate Abilities, Weirdness & Mutations

You cannot wear most types of armour.
You are amphibious.
You can wear up to eight rings at the same time.
You can use your tentacles to constrict eight enemies at once.
Your skin changes colour to match your surroundings (Stealth).
You are dopey. (Int -2)
Your rubbery body absorbs attacks (AC +1).


Message History

You tentacle-slap the centaur zombie.
You destroy the centaur zombie!
You tentacle-slap Herrn's ghost.
Herrn's ghost is lightly damaged.
Herrn's ghost hits you.
You tentacle-slap Herrn's ghost but do no damage.
Herrn's ghost is lightly damaged.
Herrn's ghost hits you.
You tentacle-slap Herrn's ghost but do no damage.
Herrn's ghost is lightly damaged.
Herrn's ghost hits you!
You barely miss Herrn's ghost.
Herrn's ghost is lightly damaged.
Herrn's ghost hits you!
* * * LOW HITPOINT WARNING * * *
You are too injured to fight recklessly!
There is a stone staircase leading up, spattered with blood here.
Herrn's ghost hits you!
You die...
Your body crumbles into a pile of gold.

.#.# # .#.#.#
..#.# ..#$##
##....#
####...$.#
#.....##.#
#.##W....#!
#.$@......?.#
###########.#


You could see Herrn's ghost.

Vanquished Creatures
  Grinder (D:3)
  A centaur zombie (D:5)
  An orc wizard (D:4)
  An orc priest (D:4)
  Ijyb (D:2)
  A hound skeleton (D:4)
  Robin (D:4)
  3 adders (D:2)
  2 oozes
  A worm (D:2)
  3 giant geckos
  14 orcs
  2 giant cockroaches
  9 hobgoblins
  9 jackals
  4 kobolds
  2 ball pythons
  2 bats (D:3)
  3 giant newts
  14 goblins
  7 rats
82 creatures vanquished.

Notes
Turn   | Place    | Note
--------------------------------------------------------------
     0 | D:1      | Arkorax the Octopode Monk began the quest for the Orb.
     0 | D:1      | Reached XP level 1. HP: 16/16 MP: 1/1
   226 | D:1      | Reached XP level 2. HP: 18/21 MP: 2/2
   934 | D:2      | Reached XP level 3. HP: 23/26 MP: 3/3
  1147 | D:2      | Noticed Ijyb
  1158 | D:2      | Killed Ijyb
  1158 | D:2      | Reached XP level 4. HP: 17/33 MP: 4/4
  1424 | D:2      | Found an iron altar of Okawaru.
  1789 | D:3      | Noticed Grinder
  1802 | D:3      | Killed Grinder
  1802 | D:3      | Reached skill level 5 in Unarmed Combat
  1802 | D:3      | Reached XP level 5. HP: 20/38 MP: 5/5
  1802 | D:3      | Reached XP level 6. HP: 23/45 MP: 6/6
  2275 | D:3      | Reached skill level 5 in Fighting
  2322 | D:3      | Found a blossoming altar of Fedhas.
  2547 | D:4      | Noticed Robin
  2591 | D:4      | Reached skill level 5 in Stealth
  2597 | D:4      | Killed Robin
  2831 | D:4      | Found a sparkling altar of Nemelex Xobeh.
  3405 | D:4      | Found a staircase to the Ecumenical Temple.
  3457 | Temple   | Entered the Ecumenical Temple
  3626 | Temple   | Became a worshipper of Ru the Awakened
  3639 | Temple   | Gained mutation: You are dopey. (Int -2) [Ru sacrifice]
  3755 | D:4      | Found a radiant altar of Vehumet.
  3755 | D:4      | Found an ancient bone altar of Kikubaaqudgha.
  3931 | D:4      | Reached skill level 6 in Unarmed Combat
  3931 | D:4      | Reached XP level 7. HP: 50/50 MP: 7/7
  4020 | Temple   | Fell from the grace of Ru
  4020 | Temple   | Became a worshipper of Gozag Ym Sagoz the Greedy
  4044 | D:5      | Entered Level 5 of the Dungeon
  4051 | D:5      | Noticed Herrn's ghost (novice DsFi)
  4060 | D:5      | Slain by Herrn's ghost

Vault maps used:
D:1:      eino_arrival_water_cross
D:2:      overflow_temple_1_default, minmay_bisected, uniq_iyjb
D:3:      fedhas_altar_1, uniq_grinder
D:4:      amethyst_overflow_temple_binary, nemelex_xobeh_ov_fountains_minmay,
          minmay_temple_entry_large_hall, first_bread, serial_bayou_lagoon_a,
          grunt_ministairs_4, kennysheep_generic_room_3, uniq_robin
D:5:      cheibrodos_ashenzari_chains, serial_shops, nicolae_shop_stone,
          minmay_statues_item
Temple:   roderic_octagonal_lattice_temple

Action                   |  1- 3 |  4- 6 |  7- 9 || total
-------------------------+-------+-------+-------++-------
Melee: Unarmed           |    69 |   122 |    11 ||   202
Invok: Sacrifice Purity  |       |     1 |       ||     1
 Stab: Sleeping          |    11 |     8 |     1 ||    20
  Eat: Meat ration       |       |     1 |       ||     1
       Chunk             |       |     1 |       ||     1
       Bread ration      |       |     1 |       ||     1
